 Dungeon Crawl Stone Soup version 0.18-a0-971-g0af6217 (webtiles) character file.

273 M4edhros the Sneak (level 6, -2/38 HPs)
             Began as an Octopode Artificer on Jan 2, 2016.
             Slain by an orc priest
             ... wielding a +0 whip
              (7 damage)
             ... on level 5 of the Dungeon.
             The game lasted 00:04:07 (2710 turns).

M4edhros the Sneak (Octopode Artificer)             Turns: 2710, Time: 00:04:07

Health: -2/38      AC:  1    Str: 10    XL:     6   Next: 23%
Magic:  9/9        EV: 13    Int: 16    God:
Gold:   62         SH:  5    Dex: 13    Spells: 0 memorised, 5 levels left

rFire  . . .     SeeInvis .     a - +0 short sword
rCold  . . .     Gourm    .     q - +2 buckler
rNeg   . . .     Faith    .     (helmet restricted)
rPois  .         Spirit   .     (no amulet)
rElec  .         Dismiss  .     (no ring)
rCorr  .         Reflect  .     (no ring)
SustAt .         Harm     .     (no ring)
MR     .....                    (no ring)
Stlth  ++++......               (no ring)
                                (no ring)
                                (no ring)
                                (no ring)

@: not resistant to hostile enchantments, stealthy
A: almost no armour, amphibious, 8 rings, constrict 8, camouflage 1, gelatinous
body 1
a: no special abilities


You were on level 5 of the Dungeon.
You were not hungry.

You visited 1 branch of the dungeon, and saw 5 of its levels.

You collected 62 gold pieces.

Inventory:

Hand Weapons
 a - a +0 short sword (weapon)
 i - a +0 dagger of draining
Missiles
 e - 58 stones (quivered)
 o - 42 sling bullets
Armour
 q - a +2 buckler (worn)
Wands
 b - a wand of flame (9/48)
 c - a wand of enslavement (15/24)
 d - a wand of random effects (15/48)
Scrolls
 j - 2 scrolls of identify {unknown}
 k - a scroll of teleportation {unknown}
 n - 2 scrolls of remove curse {unknown}
 t - a scroll of recharging {unknown}
Potions
 g - a potion of mutation {unknown}
 h - a potion of might {unknown}
 l - a potion of resistance {unknown}
 m - a potion of lignification {unknown}
 p - 2 potions of curing {unknown}
 r - 2 potions of agility {unknown}
 s - a potion of heal wounds {unknown}
Comestibles
 f - 3 bread rations
 u - a chunk of flesh


   Skills:
 - Level 1.0 Fighting
 - Level 1.0 Short Blades
 * Level 4.1 Dodging
 * Level 5.6 Stealth
 + Level 4.4 Evocations


You had 5 spell levels left.
You didn't know any spells.

Dungeon Overview and Level Annotations

Branches:
Dungeon (5/15)
 Temple: D:4-7

Altars:


Innate Abilities, Weirdness & Mutations

You cannot wear most types of armour.
You are amphibious.
You can wear up to eight rings at the same time.
You can use your tentacles to constrict eight enemies at once.
Your skin changes colour to match your surroundings (Stealth).
Your rubbery body absorbs attacks (AC +1).


Message History

Evoke which item? (* to show all) (? for menu, Esc to quit)
Zapping:
b - a wand of flame (11/48)
Press: ? - help, Shift-Dir - straight line, f - orc priest
Aim: an orc priest, wielding a whip and wearing a ring mail The puff of flame hits the orc priest.
The orc priest is severely wounded.
This wand has 10 charges left.
The orc priest invokes the aid of Beogh against you.
Pain shoots through your body!
* * * LOW HITPOINT WARNING * * *
Evoke which item? (* to show all) (? for menu, Esc to quit)
Zapping:
b - a wand of flame (10/48)
Press: ? - help, Shift-Dir - straight line, f/p - orc priest
Aim: an orc priest, wielding a whip and wearing a ring mail (severely wounded)
The puff of flame misses the orc priest.
This wand has 9 charges left.
You barely miss the orc priest. Your grab misses the orc priest.
The orc priest is severely wounded.
The orc priest hits you with a whip!
You die...

# . . .##
########.. # ..
#......o ###.
#. #o#...
...>.#.##@#)#
Z.........).#
##.###.##### #
#.###.#####....
#......<....#
#####..........
###########


You could see an orc priest.

Vanquished Creatures
  2 hounds
  A giant frog skeleton (D:4)
  2 orc wizards (D:5)
  A worker ant (D:4)
  A hound skeleton (D:4)
  4 adders
  An ooze (D:1)
  3 giant geckos
  2 orcs
  A ball python (D:3)
  4 bats
  2 giant cockroaches
  6 hobgoblins
  6 giant newts
  7 goblins
  6 kobolds
  9 rats
58 creatures vanquished.

Notes
Turn   | Place    | Note
--------------------------------------------------------------
     0 | D:1      | M4edhros the Octopode Artificer began the quest for the Orb.
     0 | D:1      | Reached XP level 1. HP: 13/13 MP: 3/3
   169 | D:1      | Reached XP level 2. HP: 18/18 MP: 4/4
   589 | D:1      | Reached XP level 3. HP: 11/23 MP: 5/5
  1811 | D:3      | Reached XP level 4. HP: 28/28 MP: 6/6
  2091 | D:4      | Reached skill level 4 in Stealth
  2245 | D:4      | Reached XP level 5. HP: 29/33 MP: 8/8
  2513 | D:4      | Reached skill level 5 in Stealth
  2619 | D:5      | Entered Level 5 of the Dungeon
  2702 | D:5      | Reached XP level 6. HP: 21/38 MP: 9/9
  2710 | D:5      | Slain by an orc priest

Vault maps used:
D:1:      dpeg_arrival_pond
D:2:      cheibriados_altar_wand_db
D:4:      first_bread
D:5:      grunt_temple_overflow_champion_of_chaos, kennysheep_mini_moat

Action                   |  1- 3 |  4- 6 || total
-------------------------+-------+-------++-------
Melee: Short sword       |    85 |    48 ||   133
Evoke: Wand              |       |     6 ||     6
 Stab: Sleeping          |     9 |     8 ||    17
       Distracted        |     1 |       ||     1
  Eat: Chunk             |     3 |     3 ||     6
